 Dungeon Crawl Stone Soup version 0.19.4-9-g45fd643 (webtiles) character file.

19002 Gargoyl the Cleaver (level 12, 0/103 HPs)
             Began as a Ghoul Abyssal Knight on Feb 21, 2017.
             Was a High Priest of Lugonu.
             Slain by an elephant (5 damage)
             ... on level 5 of the Lair of Beasts.
             The game lasted 00:32:11 (14589 turns).

Gargoyl the Cleaver (Ghoul Abyssal Knight)         Turns: 14589, Time: 00:32:12

Health: 0/103      AC: 18    Str: 17    XL:     12   Next: 64%
Magic:  18/18      EV: 12    Int:  7    God:    Lugonu [*****.]
Gold:   919        SH:  3    Dex: 12    Spells: 0 memorised, 11 levels left

rFire  . . .     SeeInvis .     e - +6 battleaxe (elec)
rCold  + . .     Gourm    .     w - +0 chain mail
rNeg   + + +     Faith    .     (shield currently unavailable)
rPois  ∞         Spirit   .     y - +0 helmet
rElec  .         Reflect  +     l - +1 cloak
rCorr  .         Harm     .     M - +0 pair of gloves
MR     .....                    j - +0 pair of boots
Stlth  ..........               G - +3 amulet of reflection
                                (no ring)
                                h - +3 ring of evasion

@: rotting
A: rotting body, claws 1, carnivore 3, cold resistance 1, negative energy
resistance 3, slow regeneration 1, torment resistance, unbreathing
a: Depart the Abyss, Bend Space, Banish, Corrupt, Enter the Abyss, Renounce
Religion


You were on level 5 of the Lair of Beasts.
You worshipped Lugonu.
Lugonu was extremely pleased with you.
You were not hungry.

You visited 2 branches of the dungeon, and saw 15 of its levels.
You visited the Abyss 1 time.
You also visited: Ossuary.

You collected 1003 gold pieces.
You spent 84 gold pieces at shops.

Inventory:

Hand Weapons
 a - a +1 hand axe
 e - a +6 battleaxe of electrocution (weapon)
 E - a +0 battleaxe
Missiles
 f - 4 javelins (quivered)
 x - 19 tomahawks
Armour
 j - a +0 pair of boots (worn)
 l - a +1 cloak (worn)
 w - a +0 chain mail (worn)
 y - a +0 helmet (worn)
 M - a +0 pair of gloves (worn)
Jewellery
 h - a +3 ring of evasion (left hand)
 A - an uncursed ring of ice
 G - a +3 amulet of reflection (around neck)
Wands
 b - a wand of polymorph (8/24)
 k - a wand of acid (10/15)
 D - a wand of iceblast (8/15)
 J - a wand of iceblast (6/15)
 K - a wand of disintegration (17/24)
 L - a wand of random effects (21/48)
 O - a wand of enslavement (7/24)
 R - a wand of random effects (26/48)
 S - a wand of polymorph (12/24)
Scrolls
 i - 2 scrolls of recharging
 m - 2 scrolls of teleportation
 n - 3 scrolls of magic mapping
 o - 9 scrolls of remove curse
 p - 8 scrolls of identify
Potions
 r - 2 potions of might
 t - 3 potions of haste
 u - 2 potions of magic
 v - 4 potions of curing
 B - 2 potions of cancellation
 F - a potion of agility
 I - a potion of heal wounds
 T - a potion of ambrosia
 U - a potion of flight
Books
 q - a book of Party Tricks

   Spells                             Type                      Level
   a - Summon Butterflies             Summoning                    1
   b - Apportation                    Translocation                1
   c - Lesser Beckoning               Translocation                3
   d - Tukima's Dance                 Hexes                        3
   e - Alistair's Intoxication        Transmutation/Poison         5
   f - Invisibility                   Hexes                        6
 s - a Young Poisoner's Handbook

   Spells                             Type                      Level
   a - Sting                          Conjuration/Poison           1
   b - Mephitic Cloud                 Conjuration/Poison/Air       3
   c - Olgreb's Toxic Radiance        Poison                       4
   d - Alistair's Intoxication        Transmutation/Poison         5
   e - Venom Bolt                     Conjuration/Poison           5
 z - a book of Flames

   Spells                             Type                      Level
   a - Flame Tongue                   Conjuration/Fire             1
   b - Throw Flame                    Conjuration/Fire             2
   c - Conjure Flame                  Conjuration/Fire             3
   d - Inner Flame                    Hexes/Fire                   3
   e - Sticky Flame                   Conjuration/Fire             4
   f - Fireball                       Conjuration/Fire             5
 C - a book of Minor Magic

   Spells                             Type                      Level
   a - Magic Dart                     Conjuration                  1
   b - Blink                          Translocation                2
   c - Call Imp                       Summoning                    2
   d - Repel Missiles                 Charms/Air                   2
   e - Slow                           Hexes                        2
   f - Conjure Flame                  Conjuration/Fire             3
   g - Mephitic Cloud                 Conjuration/Poison/Air       3
 H - Spellweaving, Part One
   (You found it on level 6 of the Dungeon)

   Spells                             Type                      Level
   a - Magic Dart                     Conjuration                  1
   b - Confusing Touch                Hexes                        1
   c - Animate Skeleton               Necromancy                   1
   d - Summon Butterflies             Summoning                    1
   e - Apportation                    Translocation                1
 P - a book of Geomancy

   Spells                             Type                      Level
   a - Sandblast                      Earth                        1
   b - Passwall                       Transmutation/Earth          2
   c - Stone Arrow                    Conjuration/Earth            3
   d - Petrify                        Transmutation/Earth          4
   e - Lee's Rapid Deconstruction     Earth                        5
 Q - a book of Clouds

   Spells                             Type                      Level
   a - Mephitic Cloud                 Conjuration/Poison/Air       3
   b - Conjure Flame                  Conjuration/Fire             3
   c - Poisonous Cloud                Conjuration/Poison/Air       6
   d - Freezing Cloud                 Conjuration/Ice/Air          6
   e - Ring of Flames                 Charms/Fire                  7
 V - a book of Maledictions

   Spells                             Type                      Level
   a - Corona                         Hexes                        1
   b - Ensorcelled Hibernation        Hexes/Ice                    2
   c - Confuse                        Hexes                        3
   d - Tukima's Dance                 Hexes                        3
   e - Dazzling Spray                 Conjuration/Hexes            3
Comestibles
 c - 6 meat rations
 d - 3 slices of pizza
 g - 2 beef jerkies
 N - 13 chunks of flesh


   Skills:
 + Level 8.6 Fighting
 + Level 11.7 Axes
 + Level 1.0 Throwing
 * Level 9.9 Armour
 + Level 3.6 Dodging
 * Level 10.0 Invocations


You had 11 spell levels left.
You didn't know any spells.

Dungeon Overview and Level Annotations

Branches:
Dungeon (10/15)            Temple (0/1) D:5            Lair (5/6) D:10
  Swamp (0/4) Lair:2       Spider (0/4) Lair:3
  Slime: Lair:5-6       Orc: D:9-12

Altars:
Cheibriados
Dithmenos
Elyvilon
Gozag
Hepliaklqana
Kikubaaqudgha
Trog
Vehumet
Zin

Shops:
D:6 (   D:9 (

Annotations:
D:10 Gastronok


Innate Abilities, Weirdness & Mutations

Your body is rotting away.
You thrive on raw meat.
You are immune to poison.
You have sharp fingernails.
You are carnivorous and can eat meat at any time.
Your flesh is cold resistant. (rC+)
You are immune to negative energy. (rN+++)
You regenerate slowly when monsters are visible.
You are immune to unholy pain and torment.
You can survive without breathing.


Message History

* * * LOW HITPOINT WARNING * * *
You hold your ground!
The elephant trunk-slaps you but does no damage.
The elephant tramples you!
* * * LOW HITPOINT WARNING * * *
You hold your ground!
The elephant trunk-slaps you but does no damage.
The elephant barely misses you.
The elephant trunk-slaps you but does no damage.
Eat one of 13 chunks of flesh? (ye/n/q)
You start eating one of the 13 chunks of flesh.
The elephant tramples you but does no damage.
The elephant trunk-slaps you but does no damage.
The elephant tramples you!
* * * LOW HITPOINT WARNING * * *
You hold your ground!
The elephant misses you.
The elephant tramples you but does no damage.
The elephant trunk-slaps you but does no damage.
The elephant tramples you.
You die...

#............###
#.#..........#.#
.#......(.....##
#.............##
##..........##.#
#...........###
#..........##
##.........###
#.........YY@###
...........YYY.#
..........%....#
................#
.#P......##...h..
#.........#........
....................
.................h..
....................


You could see 5 elephants and 2 wolves.

Vanquished Creatures
  Fannar (Lair:1)
  An elephant (Lair:5)
  3 black mambas
  4 spiny frogs
  3 komodo dragons
  A rime drake (Lair:4)
  A two-headed ogre (D:9)
  A jumping spider (Lair:3)
  2 trolls
  5 polar bears (Lair:3)
  5 blink frogs (Lair:2)
  Grinder (D:3)
  A redback (Lair:3)
  9 yaks
  5 hippogriffs
  2 wyverns
  2 basilisks
  A steam dragon (D:9)
  3 vampire mosquitoes (Lair:2)
  Edmund (D:6)
  A soldier ant (D:9)
  3 water moccasins
  6 porcupines
  2 ice beasts
  A sky beast (D:8)
  3 orc warriors
  12 wolves
  2 ogres
  5 centaurs
  8 crocodiles
  6 big kobolds
  12 bullfrogs
  5 scorpions
  4 wights (D:8)
  2 electric eels
  2 vampire bats (D:7)
  4 howler monkeys
  4 crimson imps
  A centaur zombie (D:7)
  A bullfrog zombie (D:5)
  4 hounds
  A bullfrog skeleton (D:7)
  2 orc priests
  A jelly (D:8)
  2 centaur skeletons
  8 orc wizards
  3 iguanas
  4 worker ants
  A statue (D:7)
  A hound skeleton (D:8)
  8 mummies (Ossuary)
  3 gnolls (D:5)
  A howler monkey skeleton (D:5)
  Robin (D:4)
  10 adders
  A shadow imp (D:9)
  An ooze (D:1)
  An adder zombie (D:9)
  3 worms (D:3)
  3 dart slugs
  6 leopard geckos
  23 orcs
  7 bats
  3 bat skeletons (D:7)
  2 bat zombies (D:7)
  5 giant cockroaches
  2 gnoll zombies (Ossuary)
  14 goblins
  16 hobgoblins
  8 jackals
  4 quokkas
  6 frilled lizards
  A jackal skeleton (D:9)
  47 kobolds
  4 kobold zombies (Ossuary)
  A leopard gecko skeleton (D:7)
  2 orc zombies (Ossuary)
  A quokka skeleton (D:9)
  8 rats
  A fungus (Lair:2)
  4 plants
360 creatures vanquished.

Vanquished Creatures (collateral kills)
  A spiny frog (Lair:4)
1 creature vanquished.

Vanquished Creatures (others)
  2 hydras (Lair:2)
  2 spiny frogs (Lair:2)
  4 electric eels
  A kobold (D:7)
  5 fungi
  7 plants
21 creatures vanquished.

Grand Total: 382 creatures vanquished

Notes
Turn   | Place    | Note
-------+----------+-------------------------------------------
     0 | Abyss:1  | Gargoyl the Ghoul Abyssal Knight began the quest for the Orb.
     0 | Abyss:1  | Reached XP level 1. HP: 19/19 MP: 1/1
    52 | Abyss:1  | Noticed a smoke demon
    55 | Abyss:1  | Noticed an efreet
    88 | D:1      | Escaped the Abyss
   495 | D:1      | Reached XP level 2. HP: 26/26 MP: 2/2
   526 | D:1      | Reached * piety under Lugonu
   761 | D:1      | Reached skill level 2 in Axes
   779 | D:1      | Reached XP level 3. HP: 31/33 MP: 3/3
  1410 | D:2      | Found a snail-covered altar of Cheibriados.
  1541 | D:2      | Reached skill level 1 in Dodging
  1556 | D:2      | Reached XP level 4. HP: 32/40 MP: 5/5
  1578 | D:2      | Reached ** piety under Lugonu
  1840 | D:2      | You fall through a shaft!
  1941 | D:3      | Noticed Grinder
  1956 | D:3      | Killed Grinder
  1956 | D:3      | Reached skill level 3 in Axes
  1956 | D:3      | Reached XP level 5. HP: 40/47 MP: 6/6
  1956 | D:3      | Reached XP level 6. HP: 45/53 MP: 7/7
  2562 | D:3      | Found a bloodstained altar of Trog.
  3013 | D:4      | Noticed Robin
  3016 | D:4      | Reached XP level 7. HP: 60/60 MP: 8/8
  3023 | D:4      | Killed Robin
  3026 | D:4      | Reached skill level 4 in Axes
  3307 | D:4      | Found an opulent altar of Gozag.
  3307 | D:4      | Found a glowing silver altar of Zin.
  3927 | D:4      | Reached *** piety under Lugonu
  3946 | D:5      | Entered Level 5 of the Dungeon
  3974 | D:5      | Found a sand-covered staircase.
  3980 | Ossuary  | Entered an ossuary
  4380 | D:5      | Reached skill level 5 in Axes
  4477 | D:5      | Reached XP level 8. HP: 66/67 MP: 10/10
  4699 | D:5      | Found a staircase to the Ecumenical Temple.
  4755 | D:5      | Found a snail-covered altar of Cheibriados.
  4990 | D:5      | Reached **** piety under Lugonu
  5079 | D:5      | Reached skill level 5 in Fighting
  5157 | D:5      | Reached skill level 6 in Axes
  5554 | D:6      | Reached skill level 5 in Invocations
  5562 | D:6      | Identified Spellweaving, Part One
  5567 | D:6      | Found Wentysk's Weapon Shoppe.
  5608 | D:6      | Reached skill level 5 in Armour
  5655 | D:6      | Reached XP level 9. HP: 55/74 MP: 11/11
  5667 | D:6      | Reached ***** piety under Lugonu
  5667 | D:6      | Reached skill level 7 in Axes
  5730 | D:6      | Found a hazy altar of Hepliaklqana.
  5769 | D:6      | Found a shadowy altar of Dithmenos.
  5846 | D:6      | Noticed Edmund
  5853 | D:6      | Killed Edmund
  6148 | D:7      | Found a radiant altar of Vehumet.
  6616 | D:7      | Found an ancient bone altar of Kikubaaqudgha.
  6731 | D:7      | Reached skill level 8 in Axes
  7329 | D:8      | Reached XP level 10. HP: 60/84 MP: 13/13
  7894 | D:8      | Found a white marble altar of Elyvilon.
  8082 | D:9      | Reached skill level 9 in Axes
  8708 | D:9      | Found Ahoom's Weapon Emporium.
  8722 | D:9      | Bought a +0 battleaxe for 84 gold pieces
  9249 | D:10     | Entered Level 10 of the Dungeon
  9315 | D:10     | Noticed Gastronok
  9329 | D:10     | HP: 4/86 [Gastronok/the air (38)]
  9658 | D:10     | Found a staircase to the Lair.
  9681 | D:10     | Reached XP level 11. HP: 35/92 MP: 14/16
  9685 | D:10     | Reached skill level 10 in Axes
  9710 | Lair:1   | Entered Level 1 of the Lair of Beasts
  9729 | Lair:1   | Noticed Fannar
  9760 | Lair:1   | Killed Fannar
 11038 | Lair:2   | Found a staircase to the Swamp.
 11574 | Lair:2   | Noticed a seven-headed hydra
 11574 | Lair:2   | Banished a seven-headed hydra
 11574 | Lair:2   | Reached skill level 11 in Axes
 11765 | Lair:2   | Noticed an eight-headed hydra
 11765 | Lair:2   | Banished an eight-headed hydra
 12288 | Lair:3   | Reached XP level 12. HP: 94/100 MP: 17/17
 12416 | Lair:3   | Reached skill level 1 in Throwing
 12506 | Lair:3   | Found a hole to the Spider Nest.
 14359 | Lair:4   | Reached skill level 10 in Invocations
 14589 | Lair:5   | HP: 5/103 [elephant (9)]
 14589 | Lair:5   | Slain by an elephant

Skill      XL: |  1  2  3  4  5  6  7  8  9 10 11 12 |
---------------+-------------------------------------+-----
Armour         | 2 3 4 5 6 7 8 9 |  9.9
Axes           | 2 3 5 6 8 9 11 | 11.7
Dodging        | 1 2 3 |  3.6
Fighting       | 4 5 6 7 8 |  8.6
Invocations    | 3 4 5 6 8 9 10 | 10.0
Throwing       | 1 |  1.0

Action                   |  1- 3 |  4- 6 |  7- 9 | 10-12 || total
-------------------------+-------+-------+-------+-------++-------
Melee: Battleaxe         |   117 |    87 |   343 |   423 ||   970
Throw: Javelin           |     2 |       |       |     5 ||     7
Invok: Depart the Abyss  |     1 |       |       |       ||     1
       Banish            |       |       |       |    12 ||    12
  Use: Scroll            |     4 |     4 |    10 |     7 ||    25
       Potion            |       |       |    12 |    12 ||    24
  Eat: Chunk             |    13 |    12 |    28 |    82 ||   135
Armor: Leather armour    |    30 |       |       |       ||    30
       Ring mail         |    25 |    36 |       |       ||    61
       Chain mail        |       |     7 |   227 |   299 ||   533
Dodge: Dodged            |   135 |    79 |   217 |   301 ||   732
Block: Other             |       |       |    15 |    71 ||    86
       Reflection        |       |       |     1 |     3 ||     4
